3AA
PROVIDENCE PILGRIMS @ ASHEVILLE HIGHLANDERS
07/14/2041
 
TOP OF THE 1ST
Providence Pilgrims batting - Pitching for Asheville Highlanders : RHP António Morales
Pitching: RHP António Morales
Batting: RHB Keith Lynn 0-0: Ball
1-0: Foul Ball, location: 2F
1-1: Ball
2-1: Fly out, F8 (Flyball, 78D, EV 89.4 MPH)
Batting: RHB Carlos González 0-0: Swinging Strike
0-1: Swinging Strike
0-2: Strikes out swinging
Batting: RHB Chris Hall 0-0: Called Strike
0-1: Foul Ball, location: 2F
0-2: Fly out, F6 (Line Drive, 6, EV 66.2 MPH)
Top of the 1st over - 0 runs, 0 hits, 0 errors, 0 left on base; Providence 0 - Asheville 0
BOTTOM OF THE 1ST
Asheville Highlanders batting - Pitching for Providence Pilgrims : RHP John St. John
Pitching: RHP John St. John
Batting: RHB Tony Castellanos 0-0: Foul Ball, location: 2F
0-1: SINGLE (Line Drive, 6MD, EV 102.5 MPH)
Batting: RHB Cédric Causse 0-0: Called Strike
0-1: Swinging Strike
0-2: DOUBLE (Line Drive, 89D, EV 105.6 MPH)
Tony Castellanos to third
Batting: RHB Colton Pennington 0-0: Called Strike
0-1: Fly out, F6 (Popup, 6M, EV 66.9 MPH)
Batting: RHB Virgil Guldenmond 0-0: Ball
1-0: Ball
2-0: Ball
3-0: Foul Ball, location: 2F
3-1: Called Strike
3-2: Foul Ball, location: 2F
3-2: SINGLE (Line Drive, 89M, EV 91.9 MPH)
Tony Castellanos scores
Cédric Causse to third
Runner from 3rd tries for Home, SAFE, throw by CF to home
Batting: RHB Anthony Hollis 0-0: Foul Ball, location: 2F
0-1: Swinging Strike
0-2: SINGLE (Line Drive, 6D, EV 98.1 MPH)
Virgil Guldenmond to second
Batting: RHB José Portiz 0-0: Ball
1-0: SINGLE (Groundball, 56S, EV 63.8 MPH) (infield hit)
Virgil Guldenmond to third
Anthony Hollis to second
Batting: RHB Lane Ruffin 0-0: Ball
1-0: Fly out, F8 (Flyball, 8RM, EV 83.8 MPH)
Batting: RHB Joe Frank 0-0: Fly out, F9 (Line Drive, 9, EV 88.8 MPH)
Bottom of the 1st over - 2 runs, 5 hits, 0 errors, 3 left on base; Providence 0 - Asheville 2
TOP OF THE 2ND
Providence Pilgrims batting - Pitching for Asheville Highlanders : RHP António Morales
Batting: RHB Gabriel Méndez 0-0: SINGLE (Groundball, 34D, EV 105.6 MPH)
Batting: LHB Pancho Coloma 0-0: Ball
1-0: Grounds into double play, 4-6-3 (Groundball, 4, EV 88.1 MPH)
Batting: LHB Ben Tyler 0-0: Called Strike
0-1: Fly out, F4 (Line Drive, 4, EV 64.4 MPH)
Top of the 2nd over - 0 runs, 1 hit, 0 errors, 0 left on base; Providence 0 - Asheville 2
BOTTOM OF THE 2ND
Asheville Highlanders batting - Pitching for Providence Pilgrims : RHP John St. John
Batting: RHB Dan Olson 0-0: Ball
1-0: Ground out 4-3 (Groundball, 4, EV 85.0 MPH)
Batting: RHB Tony Castellanos 0-0: Foul Ball, location: 2F
0-1: Ground out 4-3 (Groundball, 4M, EV 84.4 MPH)
Batting: RHB Cédric Causse 0-0: Ball
1-0: Ball
2-0: Fly out, F7 (Flyball, 78S, EV 90.0 MPH)
Bottom of the 2nd over - 0 runs, 0 hits, 0 errors, 0 left on base; Providence 0 - Asheville 2
TOP OF THE 3RD
Providence Pilgrims batting - Pitching for Asheville Highlanders : RHP António Morales
Batting: RHB Ronnie Wise 0-0: Foul Ball, location: 2F
0-1: Foul Ball, location: 2F
0-2: Ball
1-2: Fly out, F8 (Flyball, 8LD, EV 90.6 MPH)
Batting: RHB Gilberto Ortíz 0-0: Called Strike
0-1: DOUBLE (Flyball, 8LXD, EV 93.1 MPH)
Batting: RHB Jesse McCoy 0-0: Called Strike
0-1: Ball
1-1: Foul Ball, location: 2F
1-2: Strikes out swinging
Batting: RHB Keith Lynn 0-0: Ball
1-0: Swinging Strike
1-1: Foul Ball, location: 2F
1-2: Ball
2-2: Strikes out swinging
Top of the 3rd over - 0 runs, 1 hit, 0 errors, 1 left on base; Providence 0 - Asheville 2
BOTTOM OF THE 3RD
Asheville Highlanders batting - Pitching for Providence Pilgrims : RHP John St. John
Batting: RHB Colton Pennington 0-0: Ball
1-0: Called Strike
1-1: Ground out 5-3 (Groundball, 56, EV 111.9 MPH)
Batting: RHB Virgil Guldenmond 0-0: Called Strike
0-1: Reached on error, E5 (Groundball, 56S, EV 80.0 MPH)
Batting: RHB Anthony Hollis 0-0: Ball
1-0: Ball
2-0: Ball
3-0: Called Strike
3-1: Called Strike
3-2: Foul Ball, location: 2F
3-2: SINGLE (Groundball, 5S, EV 67.5 MPH) (infield hit)
Virgil Guldenmond to third
Batting: RHB José Portiz 0-0: Ball
1-0: Called Strike
1-1: Ball
2-1: Swinging Strike
2-2: Fielders Choice at 2nd, 5-4 (Groundball, 56S, EV 86.9 MPH)
Virgil Guldenmond scores
Batting: RHB Lane Ruffin 0-0: Ball
1-0: Called Strike
1-1: Ball
2-1: Foul Ball, location: 2F
2-2: Foul Ball, location: 2F
2-2: Fielders Choice at 2nd, U6 (Groundball, 6M, EV 90.0 MPH)
Bottom of the 3rd over - 1 run, 1 hit, 1 error, 1 left on base; Providence 0 - Asheville 3
TOP OF THE 4TH
Providence Pilgrims batting - Pitching for Asheville Highlanders : RHP António Morales
Batting: RHB Carlos González 0-0: Called Strike
0-1: Ball
1-1: Ball
2-1: Ground out 5-3 (Groundball, 56S, EV 66.9 MPH)
Batting: RHB Chris Hall 0-0: Ball
1-0: Called Strike
1-1: SINGLE (Groundball, 6MD, EV 103.1 MPH)
Batting: RHB Gabriel Méndez 0-0: Called Strike
0-1: Foul Ball, location: 2F
0-2: Foul Ball, location: 2F
0-2: Ball
1-2: Ball
2-2: 2-RUN HOME RUN (Flyball, 7D, EV 108.1 MPH), Distance : 384 ft
Batting: LHB Pancho Coloma 0-0: Swinging Strike
0-1: Called Strike
0-2: Foul Ball, location: 2F
0-2: Strikes out swinging
Batting: LHB Ben Tyler 0-0: Ball
1-0: Ground out 1-3 (Groundball, 15S, EV 66.2 MPH)
Top of the 4th over - 2 runs, 2 hits, 0 errors, 0 left on base; Providence 2 - Asheville 3
BOTTOM OF THE 4TH
Asheville Highlanders batting - Pitching for Providence Pilgrims : RHP John St. John
Batting: RHB Joe Frank 0-0: Ball
1-0: Called Strike
1-1: Ball
2-1: Ball
3-1: Called Strike
3-2: Foul Ball, location: 5F, Error on foul ball, E5
3-2: Base on Balls
Batting: RHB Dan Olson 0-0: Called Strike
0-1: Ball
1-1: Called Strike
1-2: Grounds into double play, 4-6-3 (Groundball, 34, EV 84.4 MPH)
Batting: RHB Tony Castellanos 0-0: Ground out 5-3 (Groundball, 56, EV 105.0 MPH)
Bottom of the 4th over - 0 runs, 0 hits, 1 error, 0 left on base; Providence 2 - Asheville 3
TOP OF THE 5TH
Providence Pilgrims batting - Pitching for Asheville Highlanders : RHP António Morales
Batting: RHB Ronnie Wise 0-0: Called Strike
0-1: Called Strike
0-2: Foul Ball, location: 2F
0-2: SINGLE (Groundball, 56, EV 85.0 MPH) (infield hit)
Batting: RHB Gilberto Ortíz 0-0: Ball
1-0: Sac Bunt to 13S - play at first, batter OUT! 1-4
Ronnie Wise to second
Batting: RHB Jesse McCoy 0-0: Called Strike
0-1: Fly out, F8 (Flyball, 8LM, EV 87.5 MPH)
Batting: RHB Keith Lynn 0-0: Ball
1-0: Called Strike
1-1: Foul Ball, location: 2F
1-2: Ball
2-2: Foul Ball, location: 2F
2-2: Foul Ball, location: 2F
2-2: Ball
3-2: Foul Ball, location: 2F
3-2: Strikes out looking
Top of the 5th over - 0 runs, 1 hit, 0 errors, 1 left on base; Providence 2 - Asheville 3
BOTTOM OF THE 5TH
Asheville Highlanders batting - Pitching for Providence Pilgrims : RHP John St. John
Batting: RHB Cédric Causse 0-0: SINGLE (Flyball, 8LS, EV 91.9 MPH)
Batting: RHB Colton Pennington 0-0: SINGLE (Flyball, 9S, EV 89.4 MPH)
Cédric Causse to second
Runner from 2nd tries for 3rd, SAFE, throw by RF made to third
Batting: RHB Virgil Guldenmond 0-0: Fly out, F7 (Flyball, 8LS, EV 83.1 MPH)
Runner from 3rd tags up, SCORES, throw by LF
Batting: RHB Anthony Hollis 0-0: Foul Ball, location: 2F
0-1: Ball
1-1: SINGLE (Groundball, 56D, EV 101.9 MPH)
Colton Pennington to second
Batting: RHB José Portiz 0-0: Fly out, F9 (Flyball, 9LMF, EV 88.1 MPH)
Batting: RHB Lane Ruffin 0-0: Fly out, F7 (Flyball, 7S, EV 90.6 MPH)
Bottom of the 5th over - 1 run, 3 hits, 0 errors, 2 left on base; Providence 2 - Asheville 4
TOP OF THE 6TH
Providence Pilgrims batting - Pitching for Asheville Highlanders : RHP António Morales
Batting: RHB Carlos González 0-0: Ball
1-0: Ball
2-0: Ball
3-0: Base on Balls
Batting: RHB Chris Hall 0-0: Called Strike
0-1: Fielders Choice at 2nd, 1-6 (Groundball, 34S, EV 87.5 MPH)
Batting: RHB Gabriel Méndez 0-0: Foul Ball, location: 2F
0-1: Grounds into double play, 5-4-3 (Groundball, 56S, EV 80.6 MPH)
Top of the 6th over - 0 runs, 0 hits, 0 errors, 0 left on base; Providence 2 - Asheville 4
BOTTOM OF THE 6TH
Asheville Highlanders batting - Pitching for Providence Pilgrims : RHP John St. John
Batting: RHB Joe Frank 0-0: Ball
1-0: Fly out, F8 (Flyball, 8LM, EV 79.4 MPH)
Batting: RHB Dan Olson 0-0: Called Strike
0-1: Ball
1-1: Ball
2-1: Foul Ball, location: 2F
2-2: SOLO HOME RUN (Flyball, 7D, EV 88.8 MPH), Distance : 379 ft
Batting: RHB Tony Castellanos 0-0: Called Strike
0-1: Foul Ball, location: 2F
0-2: Ball
1-2: Foul Ball, location: 2F
1-2: Foul Ball, location: 2F
1-2: Foul Ball, location: 2F
1-2: Ball
2-2: SINGLE (Groundball, 56D, EV 106.9 MPH)
Pitching: RHP Brenton Gunter
Batting: RHB Cédric Causse 0-0: Ball
Tony Castellanos steals 2nd base
1-0: Called Strike
1-1: Foul Ball, location: 2F
1-2: Foul Ball, location: 2F
1-2: Ball
2-2: SINGLE (Line Drive, 6D, EV 96.9 MPH)
Tony Castellanos to third
Runner from 3rd tries for Home, SAFE, no throw by CF
Batting: RHB Colton Pennington 0-0: Called Strike
0-1: Swinging Strike
0-2: Ball
1-2: Ball
2-2: Ball
3-2: Fly out, F9 (Flyball, 9LM, EV 89.4 MPH)
Batting: RHB Virgil Guldenmond 0-0: Fly out, F9 (Flyball, 9S, EV 93.1 MPH)
Bottom of the 6th over - 2 runs, 3 hits, 0 errors, 1 left on base; Providence 2 - Asheville 6
TOP OF THE 7TH
Providence Pilgrims batting - Pitching for Asheville Highlanders : RHP António Morales
Batting: LHB Pancho Coloma 0-0: Ball
1-0: Ball
2-0: Called Strike
2-1: Ball
3-1: Called Strike
3-2: Base on Balls
Batting: LHB Ben Tyler 0-0: Called Strike
0-1: Called Strike
0-2: Ball
1-2: Foul Ball, location: 2F
1-2: DOUBLE (Groundball, 3L, EV 102.5 MPH)
Pancho Coloma to third
Batting: RHB Ronnie Wise 0-0: Ball
1-0: Swinging Strike
1-1: Fly out, F8 (Flyball, 8LD, EV 105.0 MPH)
Runner from 3rd tags up, SCORES, throw by CF
Batting: RHB Gilberto Ortíz 0-0: Called Strike
0-1: Ball
1-1: Called Strike
1-2: Strikes out swinging
Pitching: RHP Mario Sánchez
Batting: RHB Jesse McCoy 0-0: Foul Ball, location: 2F
0-1: Ball
1-1: Ball
2-1: Ball
3-1: Ground out 2-3 (Groundball, 2R, EV 68.1 MPH)
Top of the 7th over - 1 run, 1 hit, 0 errors, 1 left on base; Providence 3 - Asheville 6
BOTTOM OF THE 7TH
Asheville Highlanders batting - Pitching for Providence Pilgrims : RHP Brenton Gunter
Batting: RHB Anthony Hollis 0-0: Called Strike
0-1: Called Strike
0-2: Ball
1-2: Ball
2-2: Ball
3-2: Ground out 6-3 (Groundball, 6S, EV 91.2 MPH)
Batting: RHB José Portiz 0-0: Ball
1-0: SINGLE (Line Drive, 8LS, EV 105.0 MPH)
Batting: RHB Lane Ruffin 0-0: Grounds into double play, 6-4-3 (Groundball, 6, EV 91.2 MPH)
Bottom of the 7th over - 0 runs, 1 hit, 0 errors, 0 left on base; Providence 3 - Asheville 6
TOP OF THE 8TH
Providence Pilgrims batting - Pitching for Asheville Highlanders : RHP Mario Sánchez
Batting: RHB Keith Lynn 0-0: Ball
1-0: Foul Ball, location: 2F
1-1: Swinging Strike
1-2: Foul Ball, location: 2F
1-2: Ball
2-2: Strikes out swinging
Batting: RHB Carlos González 0-0: Ball
1-0: DOUBLE (Line Drive, 3D, EV 108.1 MPH)
Batting: RHB Chris Hall 0-0: Swinging Strike
0-1: DOUBLE (Line Drive, 8LD, EV 96.2 MPH)
Carlos González scores
Batting: RHB Gabriel Méndez 0-0: Foul Ball, location: 2F
0-1: Called Strike
0-2: Foul Ball, location: 2F
0-2: Foul Ball, location: 2F
0-2: Ball
1-2: Ball
2-2: Fly out, F8 (Flyball, 8RD, EV 100.0 MPH)
Batting: LHB Pancho Coloma 0-0: Ball
1-0: Ball
2-0: Ball
3-0: Called Strike
3-1: Base on Balls
Pitching: RHP Tobin Basch
Batting: LHB Ben Tyler 0-0: Ball
1-0: Called Strike
1-1: Foul Ball, location: 2F
1-2: Ball
2-2: Ball
3-2: Ground out 6-3 (Groundball, 6, EV 84.4 MPH)
Top of the 8th over - 1 run, 2 hits, 0 errors, 2 left on base; Providence 4 - Asheville 6
BOTTOM OF THE 8TH
Asheville Highlanders batting - Pitching for Providence Pilgrims : RHP Brenton Gunter
Batting: RHB Joe Frank 0-0: Ball
1-0: Foul Ball, location: 2F
1-1: Foul Ball, location: 2F
1-2: Ball
2-2: Foul Ball, location: 2F
2-2: Ball
3-2: Foul Ball, location: 2F
3-2: Fly out, F8 (Flyball, 8LS, EV 93.1 MPH)
Batting: RHB Dan Olson 0-0: Swinging Strike
0-1: Ball
1-1: Ball
2-1: Ball
3-1: Called Strike
3-2: Base on Balls
Batting: RHB Tony Castellanos 0-0: Called Strike
0-1: Called Strike
0-2: Strikes out swinging
Batting: RHB Cédric Causse 0-0: Called Strike
0-1: Swinging Strike
0-2: Foul Ball, location: 2F
0-2: Ball
1-2: Ball
2-2: Ground out 5-3 (Groundball, 56S, EV 87.5 MPH)
Bottom of the 8th over - 0 runs, 0 hits, 0 errors, 1 left on base; Providence 4 - Asheville 6
TOP OF THE 9TH
Providence Pilgrims batting - Pitching for Asheville Highlanders : RHP Tobin Basch
Pitching: RHP Jeffery Johnston
Now at 1B: Dean Barthorpe
Now in RF: Luis Romero
Batting: RHB Ronnie Wise 0-0: Called Strike
0-1: Ball
1-1: Ball
2-1: Called Strike
2-2: Ball
3-2: Strikes out swinging
Batting: RHB Gilberto Ortíz 0-0: Foul Ball, location: 2F
0-1: Ball
1-1: Foul Ball, location: 2F
1-2: Strikes out swinging
Batting: RHB Jesse McCoy 0-0: Ball
1-0: Ground out 5-3 (Groundball, 56, EV 76.9 MPH)
Top of the 9th over - 0 runs, 0 hits, 0 errors, 0 left on base; Providence 4 - Asheville 6
Tuesday, January 5th, 2021 - OOTP Baseball 20.8 Build 74